 Dungeon Sprint DCSS version 0.24-a0-536-gdd4cf15 (webtiles) character file.

Game seed: 6252483164258438636

1141 Faca the Unseen (level 8, -6/39 HPs)
             Began as a Spriggan Assassin on Aug 12, 2019.
             Was an Elder of Dithmenos.
             Mangled by a spriggan
             ... wielding a +0 dagger of speed
              (11 damage)
             ... in the Dungeon (Sprint V: "Ziggurat Sprint").
             The game lasted 00:04:15 (227 turns).

Faca the Unseen (Spriggan Assassin)                  Turns: 227, Time: 00:04:16

Health: -6/39      AC:  3    Str:  7    XL:     8   Next: 14%
Magic:  9/9        EV: 20    Int: 13    God:    Dithmenos [****..]
Gold:   0          SH:  0    Dex: 31    Spells: 7/7 levels left

rFire    . . .     SeeInvis +   o - +5 quick blade
rCold    . . .     Gourm    .   (shield restricted)
rNeg     . . .     Faith    .   b - +0 robe
rPois    .         Spirit   .   (helmet restricted)
rElec    .         Reflect  .   c - +0 cloak
rCorr    .         Harm     .   (gloves unavailable)
MR       +....     NoTele   +   (boots unavailable)
Stlth    ++++++++++             (no amulet)
HPRegen  0.13/turn              G - +6 ring of dexterity
MPRegen  0.11/turn              F - +6 ring of dexterity

@: wreathed by umbra, very quick
A: very small, unfitting armour, see invisible, herbivore, speed 3, slow
metabolism 2
a: Shadow Step, Renounce Religion


You were in the Dungeon.
You worshipped Dithmenos.
Dithmenos was greatly pleased with you.
You were not hungry.

You visited 1 branch

Inventory:

Hand Weapons
 n - a +2 rapier of electrocution
 o - a +5 quick blade (weapon)
Missiles
 d - 8 poisoned darts (quivered)
 e - 2 curare-tipped darts
Armour
 b - a +0 robe (worn)
 c - a +0 cloak (worn)
 m - +5 shadow dragon scales
Jewellery
 a - the ring of Siribefu {rPois Str+8 Stlth-}
   (You found it in the Dungeon)

   [ring of attention]

   It affects your strength (+8).
   It protects you from poison.
   It makes you less stealthy.
 F - a +6 ring of dexterity (right hand)
 G - a +6 ring of dexterity (left hand)
Wands
 y - a wand of disintegration (7)
 C - a wand of iceblast (7)
 D - a wand of acid (7)
Scrolls
 l - 4 scrolls of blinking
 q - 7 scrolls of fog
 r - a scroll of holy word
 s - 5 scrolls of identify
 t - 5 scrolls of remove curse
 u - 2 scrolls of fear
Potions
 g - 9 potions of curing
 h - 6 potions of heal wounds
 i - 6 potions of haste
 j - 7 potions of magic
 k - 2 potions of berserk rage
 v - 2 potions of brilliance
 w - 2 potions of invisibility
 x - 4 potions of resistance
 A - 5 potions of agility
 B - 5 potions of might
Miscellaneous
 p - a sack of spiders
Comestibles
 f - 7 rations


   Skills:
 + Level 2.1 Fighting
 - Level 12.4 Short Blades
 - Level 2.0 Throwing
 + Level 3.0 Dodging
 + Level 19.8 Stealth


You had 7 spell levels left.
You didn't know any spells.
Your spell library contained the following spells:

 Spells                   Type           Power        Failure   Level  Hunger
 Haunt                    Necr/Summ      #.........   100%        7    #######
 Borgnjor's Revivificati  Necr           #.........   100%        8    #######
 Death's Door             Chrm/Necr      #.........   100%        8    #######
 Infestation              Necr           #.........   100%        8    #######
 Necromutation            Tmut/Necr      #.........   100%        8    #######


Dungeon Overview and Level Annotations

Branches:
Dungeon (1/1)

Altars:
Ashenzari
Cheibriados
Dithmenos
Elyvilon
Fedhas
Gozag
Hepliaklqana
Kikubaaqudgha
Makhleb
Nemelex Xobeh
Okawaru
Qazlal
Ru
Sif Muna
Trog
Uskayaw
Vehumet
Wu Jian
Xom
Yredelemnul
Zin
The Shining One
Beogh
Jiyva
Lugonu

Annotations:
D 1 transporter


Innate Abilities, Weirdness & Mutations

You are very small and have problems with some larger weapons.
You are too small for most types of armour.
You have supernaturally acute eyesight. (SInv)
You are a herbivore.
You cover ground extremely quickly.
You need to consume almost no food.


Message History

The spriggan is severely wounded.
The spriggan closely misses you.
The spriggan hits you with a +0 short sword!
* * * LOW HITPOINT WARNING * * *
You hit the spriggan.
The spriggan is severely wounded.
You hit the spriggan.
The spriggan is severely wounded.
The spriggan barely misses you.
You hit the spriggan but do no damage.
The spriggan is severely wounded.
The black bear misses you. The black bear barely misses you.
The black bear completely misses you. x3; The black bear misses you.
The spriggan closely misses you.
You barely miss the spriggan.
The spriggan is severely wounded.
You closely miss the spriggan.
The spriggan is severely wounded.
The spriggan hits you with a +0 dagger of speed!
You die...

▓.....▓.†...▓.....▓
▓.....▓.....▓.....▓
▓.†...▓.....▓..©..▓
▓..©†.▓..©..▓▓▓▓▓▓▓
▓▓▓▓▓▓▓▓▓▓▓▓▓▓▓▓▓▓▓
▓..8©8...▓..8©8...▓
▓....)...▓..}):...▓
▓..."....▓..hih...▓
▓........▓..i@....▓
▓........▓........▓
▓.▓...†▓.▓.▓....▓.▓
▓...©....▓...©....▓
▓▓▓▓▓▓▓▓▓▓▓▓▓▓▓▓▓▓▓


You could see 2 black bears and 2 spriggans.

Vanquished Creatures
  A deep elf mage (D)
  A fire elemental (D)
  A water moccasin (D)
  A hell hound (D)
  A porcupine (D)
  A black bear (D)
  A wolf (D)
  A bullfrog (D)
  2 adders (D)
  A shadow imp (D)
  An adder skeleton (D)
  A bat skeleton (D)
  A jackal (D)
14 creatures vanquished.

Notes
Turn   | Place    | Note
-------+----------+-------------------------------------------
     0 | D        | Faca the Spriggan Assassin began the quest for the Orb.
     0 | D        | Reached XP level 1. HP: 10/10 MP: 2/2
     3 | D        | Found a blossoming altar of Fedhas.
     4 | D        | Found the +6 Majin-Bo {vamp, Archmagi MP+6 Int+6}
     4 | D        | Found the +7 great mace "Firestarter" {inner flame, rF++}
     4 | D        | Found a viscous altar of Jiyva.
     4 | D        | Found a hazy altar of Hepliaklqana.
     4 | D        | Found a transporter.
     4 | D        | Found an opulent altar of Gozag.
     4 | D        | Found an ancient bone altar of Kikubaaqudgha.
     4 | D        | Found a corrupted altar of Lugonu.
    11 | D        | Found a burning altar of Makhleb.
    12 | D        | Found a sacrificial altar of Ru.
    12 | D        | Found a stormy altar of Qazlal.
    12 | D        | Found a shimmering blue altar of Sif Muna.
    12 | D        | Found an iron altar of Okawaru.
    12 | D        | Found a bloodstained altar of Trog.
    12 | D        | Found a sparkling altar of Nemelex Xobeh.
    32 | D        | Reached skill level 12 in Stealth
    32 | D        | Reached XP level 2. HP: 14/14 MP: 3/3
    43 | D        | Became a worshipper of Dithmenos the Shadowed
    54 | D        | Entered arena 2.
    54 | D        | Noticed a fire elemental
    54 | D        | Noticed a deep elf mage
    54 | D        | Found a transporter.
    57 | D        | Killed a deep elf mage
    57 | D        | Reached skill level 10 in Short Blades
    57 | D        | Reached skill level 17 in Stealth
    57 | D        | Reached XP level 3. HP: 18/18 MP: 4/4
    57 | D        | Reached XP level 4. HP: 22/22 MP: 5/5
    57 | D        | Reached XP level 5. HP: 25/25 MP: 6/6
    57 | D        | Reached XP level 6. HP: 30/30 MP: 7/7
    58 | D        | Killed a fire elemental
    58 | D        | Reached skill level 18 in Stealth
    58 | D        | Reached XP level 7. HP: 33/33 MP: 8/8
    60 | D        | Got the ring of Siribefu {rPois Str+8 Stlth-}
    64 | D        | Entered arena 3.
    64 | D        | Found a transporter.
    86 | D        | Reached * piety under Dithmenos
   125 | D        | Entered arena 4.
   125 | D        | Found a transporter.
   128 | D        | Reached ** piety under Dithmenos
   134 | D        | Reached skill level 19 in Stealth
   160 | D        | Entered arena 5.
   160 | D        | Found a transporter.
   164 | D        | Reached *** piety under Dithmenos
   184 | D        | Reached XP level 8. HP: 37/37 MP: 9/9
   200 | D        | Entered arena 6.
   200 | D        | Found a transporter.
   204 | D        | Reached **** piety under Dithmenos
   227 | D        | Mangled by a spriggan

Levels and vault maps discovered:
D:        sprint_v [room_start, room_1, room_2, room_3, room_4, room_5, room_6,
          room_7, room_8, room_9, room_10, room_11, room_12, room_13, room_14,
          room_15, room_16, room_17, room_18, room_19, room_20, room_21,
          room_22, room_23, room_24, room_25, room_26, room_27]

Skill      XL: |  1  2  3  4  5  6  7  8 |
---------------+-------------------------+-----
Stealth        | 12 17 18 19 | 19.8
Short Blades   | 10 12 | 12.4
Fighting       | 2 |  2.1
Dodging        | 3 |  3.0
Throwing       | |  2.0

Action                   |  1- 3 |  4- 6 |  7- 9 || total
-------------------------+-------+-------+-------++-------
Melee: Quick blade       |     1 |     1 |    89 ||    91
  Use: Potion            |     1 |       |     6 ||     7
 Stab: Sleeping          |     1 |     1 |     1 ||     3
Armor: Robe              |       |       |     2 ||     2
Dodge: Dodged            |       |       |    86 ||    86

Table legend:
 A = Non-vault XP
 B = Vault XP
 C = Vault XP percentage of total XP
 D = Non-vault monster count
 E = Vault monster count
 F = Vault count percentage of total count
                 A         B        C        D         E       F
            +---------+---------+-------+---------+---------+-------
      Total |       0 |    1618 | 100.0 |       0 |      14 | 100.0
            +---------+---------+-------+---------+---------+-------
          D |       0 |    1618 | 100.0 |       0 |      14 | 100.0
            +---------+---------+-------+---------+---------+-------
